 Dungeon Crawl Stone Soup version 0.28-a0-998-gb9e9c7b67e (webtiles) character file.

Game seed: 11089502230444958751

6564 siradein the Cleaver (level 11, -11/97 (99) HPs)
             Began as a Hill Orc Fighter on Dec 6, 2021.
             Was a Follower of Beogh.
             Shot with an arrow by a centaur warrior (21 damage)
             ... on level 10 of the Dungeon.
             The game lasted 00:16:24 (10036 turns).

siradein the Cleaver (Hill Orc Fighter)            Turns: 10036, Time: 00:16:24

HP:   -11/97 (99)   AC:  7    Str: 24    XL:     11   Next: 1%
MP:   16/16         EV: 11    Int:  8    God:    Beogh [*.....]
Gold: 342           SH: 11    Dex: 10    Spells: 10/10 levels left

rFire   + . .      SeeInvis .   a - +0 war axe
rCold   + . .      Faith    .   c - +0 buckler
rNeg    . . .      Spirit   .   L - +0 troll leather armour
rPois   .          Reflect  +   (no helmet)
rElec   .          Harm     .   (no cloak)
rCorr   .          Rampage  .   (no gloves)
Will    .....                   B - +0 pair of boots
Stlth   +.........              b - amulet of reflection
HPRegen 1.06/turn               j - ring of protection from cold
MPRegen 0.15/turn               x - ring of protection from fire

@: lightly drained
A: no striking features
a: Renounce Religion


You were on level 10 of the Dungeon.
You worshipped Beogh.
Beogh was aware of your devotion.
You visited 1 branch of the dungeon, and saw 10 of its levels.

You collected 342 gold pieces.

Inventory:

Hand Weapons
 a - a +0 war axe (weapon)
Missiles
 t - 6 javelins
 C - 36 poisoned darts (quivered)
 G - a throwing net
 M - 5 curare-tipped darts
Armour
 c - a +0 buckler (worn)
 s - a +0 plate armour
 B - a +0 pair of boots (worn)
 L - a +0 troll leather armour (worn)
Jewellery
 b - an amulet of reflection (around neck)
 j - a ring of protection from cold (left hand)
 v - a ring of fire
 x - a ring of protection from fire (right hand)
 D - an amulet of guardian spirit
Wands
 p - a wand of flame (11)
 F - a wand of polymorph (12)
 H - a wand of paralysis (5)
 K - a wand of digging (4)
Scrolls
 e - a scroll of magic mapping {unknown}
 g - 5 scrolls of teleportation {unknown}
 h - a scroll of torment {unknown}
 i - 2 scrolls of vulnerability {unknown}
 k - 2 scrolls of fog {unknown}
 l - 7 scrolls of identify {unknown}
 m - a scroll of enchant armour {unknown}
 r - a scroll of immolation {unknown}
 u - a scroll of enchant weapon {unknown}
 y - a scroll of fear {unknown}
 E - a scroll of noise {unknown}
Potions
 d - a potion of might
 f - 2 potions of curing {unknown}
 n - a potion of degeneration {unknown}
 o - 3 potions of heal wounds {unknown}
 q - a potion of mutation {unknown}
 w - 5 potions of flight {unknown}
 z - a potion of attraction {unknown}
 A - a potion of cancellation {unknown}
 I - 2 potions of ambrosia {unknown}
 J - a potion of invisibility {unknown}
 N - 2 potions of berserk rage {unknown}


   Skills:
 + Level 9.9 Fighting
 + Level 10.4 Axes
 + Level 9.1 Armour
 + Level 9.1 Shields
 + Level 7.5 Invocations


You had 10 spell levels left.
You didn't know any spells.
Your spell library contained the following spells:

 Spells                   Type           Power      Damage    Failure   Level
 Call Canine Familiar     Summ           0%         N/A       82%         3
 Portal Projectile        Hex/Tloc       0%         N/A       82%         3
 Leda's Liquefaction      Hex/Erth       0%         N/A       99%         4
 Summon Forest            Summ/Tloc      0%         N/A       100%        5
 Summon Mana Viper        Hex/Summ       0%         N/A       100%        5
 Summon Cactus Giant      Summ           0%         N/A       100%        6


Dungeon Overview and Level Annotations

Branches:
Dungeon (11/15)            Temple (0/1) D:5
   Lair: D:8-11         Orc: D:9-12

Altars:
Hepliaklqana
Ru
Sif Muna
Wu Jian
Zin


Message History

The centaur warrior hits you!
The centaur warrior kicks you but does no damage.
You hit the centaur warrior but do no damage.
The centaur warrior is heavily wounded.
You closely miss the wight.
A wight comes into view. It is wielding a +1 mace.
The centaur warrior hits you but does no damage.
You block the centaur warrior's attack. The wight hits you with a +0 hand axe.
You completely miss the centaur warrior.
The centaur warrior is heavily wounded.
You closely miss the wight. You block the centaur warrior's attack.
The centaur warrior kicks you.
A wight comes into view. It is wielding a +1 short sword.
The wight completely misses you.
You closely miss the centaur warrior.
The centaur warrior is heavily wounded.
You hit the wight but do no damage.
The centaur warrior hits you but does no damage.
The centaur warrior kicks you but does no damage.
A wight comes into view. It is wielding a +0 dagger.
The centaur warrior barely misses you.
The centaur warrior kicks you but does no damage.
The wight hits you with a +0 hand axe.
You feel drained.
You hit the centaur warrior.
The centaur warrior is heavily wounded.
You barely miss the wight. The centaur warrior hits you.
You block the centaur warrior's attack.
You are too injured to fight recklessly!
You are too injured to fight recklessly!
You are too injured to fight recklessly!
Unknown command.
You are too injured to fight recklessly!
The centaur warrior wields a +0 shortbow.
The centaur warrior shoots an arrow.
The arrow hits you!
The centaur warrior shoots an arrow.
The arrow hits you!!
* * * LOW HITPOINT WARNING * * *
The wight closely misses you.
There is an open door, spattered with blood here.
The centaur warrior shoots an arrow.
The arrow hits you!!
You die...

.....# #z...+
########.z..####
#..............#
#.....z........#
#.....cz.......#
#####+##......z.......#
#......##+###'#####.###
#......#...#.@..# .$
#......#...#....# ##
#......#...#....#
#......'...'....#
#......##########
###+#...........##
#............#
#..........>.#
#............#######+


You could see a centaur warrior and 5 wights.

Vanquished Creatures
  A two-headed ogre (D:11)
  Sonja (D:11)
  Pikel (D:7)
  An unseen horror (D:10)
  A komodo dragon (D:10)
  A troll (D:11)
  Sigmund (D:2)
  A vampire (D:11)
  A wyvern (D:8)
  7 yaks
  2 water moccasins (D:7)
  An orc warrior (D:7)
  2 necrophages
  4 sky beasts
  2 ogres
  2 centaurs (D:5)
  2 phantoms (D:4)
  A bullfrog (D:7)
  A scorpion (D:4)
  A wyvern skeleton (D:7)
  3 killer bees (D:7)
  A howler monkey (D:5)
  2 jellies
  A gnoll shaman (D:7)
  4 orc priests
  3 centaur zombies
  A hound (D:6)
  A bullfrog skeleton (D:5)
  8 orc wizards
  3 iguanas
  A killer bee zombie (D:7)
  2 hound skeletons
  5 adders
  3 gnolls (D:7)
  2 ufetubi
  2 worms
  2 dart slugs
  14 orcs
  8 ball pythons
  6 endoplasms
  A giant cockroach (D:3)
  6 hobgoblins
  4 jackals (D:1)
  4 quokkas
  4 bats
  4 frilled lizards
  8 goblins
  6 kobolds
  A rat (D:1)
144 creatures vanquished.

Vanquished Creatures (others)
  An orc priest (D:6)
1 creature vanquished.

Grand Total: 145 creatures vanquished

Notes
Turn   | Place    | Note
-------+----------+-------------------------------------------
     0 | D:1      | siradein the Hill Orc Fighter began the quest for the Orb.
     0 | D:1      | Reached XP level 1. HP: 19/19 MP: 1/1
   426 | D:1      | Reached skill level 3 in Axes
   426 | D:1      | Reached XP level 2. HP: 25/27 MP: 2/2
  1088 | D:1      | Reached XP level 3. HP: 32/33 MP: 3/3
  1448 | D:2      | Found a faded altar of an unknown god.
  1520 | D:2      | Noticed Sigmund
  1531 | D:2      | Killed Sigmund
  1532 | D:2      | Reached skill level 4 in Axes
  1532 | D:2      | Reached XP level 4. HP: 22/41 MP: 4/4
  1532 | D:2      | Reached XP level 5. HP: 25/47 MP: 5/5
  1773 | D:2      | Reached XP level 6. HP: 50/55 MP: 6/6
  1928 | D:2      | Found a sacrificial altar of Ru.
  1945 | D:2      | Reached skill level 5 in Fighting
  3053 | D:4      | Reached skill level 5 in Axes
  3299 | D:4      | Reached skill level 5 in Shields
  3343 | D:4      | Reached skill level 5 in Armour
  3343 | D:4      | Reached XP level 7. HP: 60/61 MP: 7/7
  3400 | D:4      | Found an ornate altar of the Wu Jian Council.
  3980 | D:4      | Found a hazy altar of Hepliaklqana.
  4301 | D:5      | Entered Level 5 of the Dungeon
  4358 | D:5      | Reached skill level 6 in Axes
  4379 | D:5      | Found a staircase to the Ecumenical Temple.
  4530 | D:5      | Reached XP level 8. HP: 41/71 MP: 8/8
  5240 | D:6      | Became a worshipper of Beogh the Brigand
  5395 | D:6      | Reached skill level 7 in Axes
  5956 | D:6      | Found a shimmering blue altar of Sif Muna.
  6255 | D:6      | Reached skill level 1 in Invocations
  6532 | D:7      | Found a glowing silver altar of Zin.
  6850 | D:7      | Reached XP level 9. HP: 63/79 MP: 10/10
  7064 | D:7      | Reached skill level 8 in Axes
  7336 | D:7      | Reached * piety under Beogh
  8297 | D:7      | Reached skill level 5 in Invocations
  8356 | D:7      | Reached skill level 9 in Axes
  8356 | D:7      | Reached XP level 10. HP: 27/90 MP: 12/14
  8617 | D:8      | Noticed Pikel
  8673 | D:7      | Killed Pikel
  9153 | D:8      | You fall into a shaft and drop 3 floors!
  9706 | D:11     | Noticed a two-headed ogre
  9716 | D:11     | Killed a two-headed ogre
  9717 | D:11     | Reached skill level 10 in Axes
  9780 | D:11     | Noticed Sonja
  9785 | D:11     | Killed Sonja
  9790 | D:10     | Entered Level 10 of the Dungeon
  9826 | D:10     | Killed an unseen horror
  9913 | D:10     | Reached XP level 11. HP: 60/99 MP: 16/16
 10016 | D:10     | Noticed a centaur warrior
 10036 | D:10     | Shot with an arrow by a centaur warrior

Illustrated notes

Levels and vault maps discovered:
D:1:      kennysheep_arrival_seaside, layout_loops_corners, minmay_misc_feat_x,
          nicolae_concentric_dashed_squares_mild
D:2:      layout_basic, basic_altar, hellmonk_ecumenical_altar_arch_garden,
          kennysheep_generic_room_10, uniq_sigmund
D:3:      layout_basic
D:4:      layout_basic, pdpol_wu_jian_five_deadly_venoms,
          nicolae_hepliaklqana_hippocampus, kennysheep_pointless_box
D:5:      layout_basic, minmay_temple_entry_enclosed_plants
D:6:      layout_loops_corners, mainiacjoe_overflow_paths
D:7:      layout_gridville, zin_statuary, minmay_misc_feat_pillars
D:8:      layout_rooms, special_room [special_room_orc], serial_glass,
          glass_columns_a, glass_columns_b, uniq_pikel
D:10:     minmay_razor_zed, layout_gridville,
          nicolae_gozag_cash_rules_everything_around_me,
          mainiacjoe_overflow_surrounded_room, grunt_ministairs_4
D:11:     layout_stronghold, david_lair_shrubbed, david_orc_3, uniq_sonja,
          uniq_grum, uniq_gastronok

Skill      XL: |  1  2  3  4  5  6  7  8  9 10 |
---------------+-------------------------------+-----
Axes           | 3 4 5 6 7 9 10 | 10.4
Fighting       | 4 5 6 7 8 9 |  9.9
Armour         | 4 5 6 7 9 |  9.1
Shields        | 4 5 6 7 9 |  9.1
Invocations    | 2 5 7 |  7.5

Action                   |  1- 3 |  4- 6 |  7- 9 | 10-12 || total
-------------------------+-------+-------+-------+-------++-------
Melee: War axe           |    78 |    93 |   383 |   126 ||   680
Throw: Dart              |       |       |     4 |     9 ||    13
Invok: Convert to Beogh  |       |       |     1 |       ||     1
Evoke: Wand              |       |       |       |     1 ||     1
 Stab: Paralysed         |       |       |       |     3 ||     3
Armor: Scale mail        |    23 |    35 |     9 |       ||    67
       Plate armour      |       |       |   196 |    38 ||   234
       Troll leather arm |       |       |       |    49 ||    49
Dodge: Dodged            |    40 |    37 |   106 |    43 ||   226
Block: Buckler           |    19 |    15 |   162 |    85 ||   281
       Reflection        |       |       |     3 |     3 ||     6

Table legend: (Time is in decaauts)
 A = Elapsed time spent in this place.
 B = Non-inter-level travel time spent in this place.
 C = Inter-level travel time spent in this place.
 D = Time resting spent in this place.
 E = Time spent auto-exploring this place.
 F = Levels seen in this place.
 G = Mean time per level.
                   A        B        C        D        E       F      G
               +--------+--------+--------+--------+--------+-----+--------+
         Total |  10152 |   9857 |    295 |   1186 |   7005 |  10 | 1015.2 |
       Dungeon |  10152 |   9857 |    295 |   1186 |   7005 |  10 | 1015.2 |
               +--------+--------+--------+--------+--------+-----+--------+

Top non-repeatable levels by time:
     D:7: 2276 daAuts
     D:1: 1410 daAuts
     D:6: 1331 daAuts
     D:4: 1295 daAuts
     D:2: 977 daAuts
     D:5: 851 daAuts
    D:11: 707 daAuts
     D:3: 684 daAuts
     D:8: 440 daAuts
    D:10: 176 daAuts
